 Dungeon Crawl Stone Soup version 0.30.1-3-gfc49f6343a (webtiles) character file.

Game seed: 8593273653494812796

109 safid the Chiller (level 4, -11/34 HPs)
             Began as a Merfolk Ice Elementalist on July 25, 2023.
             Mangled by Menkaure (24 damage)
             ... on level 4 of the Dungeon.
             The game lasted 00:03:13 (2450 turns).

safid the Chiller (Merfolk Ice Elementalist)        Turns: 2450, Time: 00:03:14

Health: -11/34     AC:  2    Str:  8    XL:     4   Next: 89%
Magic:  2/8        EV: 12    Int: 16    God:
Gold:   116        SH:  0    Dex: 14    Spells: 2/9 levels left

rFire   . . .        g - +0 dagger (vamp)
rCold   . . .        (no shield)
rNeg    . . .        a - +0 robe
rPois   .            (no helmet)
rElec   .            (no cloak)
rCorr   +            (no gloves)
SInv    .            (no boots)
Will    .....        i - amulet of magic regeneration
Stlth   ++           f - ring of wizardry
HPRegen 0.25/turn    t - ring of resist corrosion
MPRegen 0.51/turn

%: wizardry (x1)
@: freezing walls, very slightly contaminated
A: (nimble swimmer 2), mertail
a: no special abilities


You were on level 4 of the Dungeon.
You visited 1 branch of the dungeon, and saw 4 of its levels.

You collected 172 gold pieces.
You spent 56 gold pieces at shops.

Inventory:

Hand Weapons
 g - a +0 vampiric dagger (weapon)
Armour
 a - a +0 robe (worn)
Jewellery
 f - a ring of wizardry (left hand)
 i - an amulet of magic regeneration (around neck)
 t - a ring of resist corrosion (right hand)
Wands
 n - a wand of flame (13)
 q - a wand of charming (4)
Scrolls
 d - 2 scrolls of teleportation {unknown}
 e - a scroll of enchant weapon {unknown}
 h - a scroll of blinking {unknown}
 j - a scroll of noise {unknown}
 p - 2 scrolls of brand weapon {unknown}
 s - 6 scrolls of identify
Potions
 b - 2 potions of magic
 c - a potion of resistance {unknown}
 k - 2 potions of invisibility {unknown}
 l - 2 potions of lignification {unknown}
 m - a potion of ambrosia {unknown}
 o - a potion of brilliance {unknown}
 r - a potion of attraction {unknown}


   Skills:
 + Level 2.5 Fighting
 - Level 2.6 Dodging
 - Level 2.1 Stealth
 + Level 3.1 Spellcasting
 + Level 5.2 Ice Magic


You had 2 spell levels left.
You knew the following spells:

 Your Spells              Type           Power      Damage    Failure   Level
a - Freeze                Ice            76%        1d8       1%          1
b - Frozen Ramparts       Ice            38%        1d6       2%          3
c - Ozocubu's Armour      Ice            19%        N/A       2%          3

Your spell library contained the following spells:

 Spells                   Type           Power      Damage    Failure   Level
 Cigotuvi's Dreadful Rot  Necr/Pois/Air  4%         N/A       12%         2
 Summon Ice Beast         Ice/Summ       10%        N/A       26%         4
 Dispel Undead            Necr           2%         3d7       56%         4
 Death Channel            Necr           1%         N/A       100%        6


Dungeon Overview and Level Annotations

Branches:
Dungeon (4/15)
 Temple: D:4-7

Altars:
Uskayaw
Xom

Shops:
D:3 ?

Annotations:
D:4 Menkaure


Innate Abilities, Weirdness & Mutations

((You are very nimble when in or above water. (Stealth+, EV+, Speed+++)))
Your lower body shifts to a powerful aquatic tail in water.


Message History

The wall freezes Menkaure but does no damage.
Menkaure closely misses you.
Casting: Ozocubu's Armour (dangerous; 2% risk of failure)
Confirm with . or Enter, or press ? or * to list all spells.
Aiming: Freeze (safe; 1% risk of failure)
Press: ? - help, Shift-Dir - straight line, f - Menkaure
Aim: Menkaure (moderately damaged, fast)
You freeze Menkaure.
Menkaure resists.
Menkaure is moderately damaged.
Menkaure resists.
The wall freezes Menkaure.
Menkaure points at you and mumbles some strange words.
You barely resist.
Casting: Freeze (safe; 1% risk of failure)
Confirm with . or Enter, or press ? or * to list all spells.
Aiming: Freeze (safe; 1% risk of failure)
Press: ? - help, Shift-Dir - straight line, f/p - Menkaure
Aim: Menkaure (heavily damaged, fast)
You freeze Menkaure.
Menkaure resists.
Menkaure is heavily damaged.
Menkaure resists.
The wall freezes Menkaure.
Menkaure barely misses you.
Unknown command.
Casting: Freeze (safe; 1% risk of failure)
Confirm with . or Enter, or press ? or * to list all spells.
Aiming: Freeze (safe; 1% risk of failure)
Press: ? - help, Shift-Dir - straight line, f/p - Menkaure
Aim: Menkaure (heavily damaged, fast)
You freeze Menkaure.
Menkaure resists.
Menkaure is heavily damaged.
Menkaure resists.
The wall freezes Menkaure.
Menkaure barely misses you.
Unknown command.
Casting: Freeze (safe; 1% risk of failure)
Confirm with . or Enter, or press ? or * to list all spells.
Aiming: Freeze (safe; 1% risk of failure)
Press: ? - help, Shift-Dir - straight line, f/p - Menkaure
Aim: Menkaure (heavily damaged, fast)
You freeze Menkaure.
Menkaure resists.
Menkaure is severely damaged.
Menkaure resists.
The wall freezes Menkaure.
Menkaure hits you!!
Ouch! That really hurt!
You die...

#..................... ......
#.<......#.....#.....##......
##.....####....#.............
#.....# ##...........#.....
##...## ##.####..).......#
#...)# #..##........# ###..##
###.#..###.#### #....#
#...M..###...###.# #....##
#..@#...#........# ##....#
#..##............. ##..## ###
##............ ####
###M###........
#..†.##........
#....)...##........
#..........#........
#...................
###...<...........


You could see Menkaure (fast).

Vanquished Creatures
  Jessica (D:2)
  2 adders
  An ufetubus (D:4)
  A dart slug (D:2)
  3 orcs (D:3)
  9 bats
  3 endoplasms
  3 giant cockroaches
  3 goblins
  4 hobgoblins
  6 kobolds
  A quokka (D:3)
  8 ball pythons
  A frilled lizard (D:1)
  6 rats
52 creatures vanquished.

Notes
Turn   | Place    | Note
-------+----------+-------------------------------------------
     0 | D:1      | safid the Merfolk Ice Elementalist began the quest for the
                  | Orb.
     0 | D:1      | Reached XP level 1. HP: 13/13 MP: 3/3
   157 | D:1      | Reached XP level 2. HP: 19/20 MP: 0/5
   248 | D:1      | Reached skill level 1 in Fighting
   579 | D:1      | Found a faded altar of an unknown god.
   651 | D:1      | Reached XP level 3. HP: 26/26 MP: 6/6
   655 | D:1      | Learned a level 3 spell: Frozen Ramparts
  1066 | D:2      | Learned a level 3 spell: Ozocubu's Armour
  1178 | D:2      | Noticed Jessica
  1183 | D:2      | Killed Jessica
  1184 | D:2      | Reached skill level 5 in Ice Magic
  1184 | D:2      | Reached XP level 4. HP: 26/33 MP: 4/8
  1847 | D:3      | Found Pedgh's Magic Scroll Emporium.
  1850 | D:3      | Found a shimmering altar of Xom.
  1865 | D:3      | Bought a scroll of identify for 28 gold pieces
  1865 | D:3      | Bought a scroll of identify for 28 gold pieces
  2143 | D:3      | Found a hide-covered altar of Uskayaw.
  2429 | D:4      | Noticed Menkaure
  2450 | D:4      | Mangled by Menkaure

Illustrated notes

Levels and vault maps discovered:
D:1:      minmay_arrival_four_houses, layout_loops_ring,
          ebering_ecumenical_altar_abandoned, supply_closet_lemuel
D:2:      layout_basic, uniq_jessica
D:3:      cheibrodos_old_hovel, layout_basic, overflow_temple_1_default,
          mainiacjoe_overflow_alcove_4, serial_rivers,
          chequers_serial_rivers_marsh, chequers_serial_rivers_room_b,
          chequers_serial_rivers_room_b, chequers_serial_rivers_room_a,
          chequers_serial_rivers_micro_b, chequers_serial_rivers_small_a,
          serial_shops, nicolae_diamond_shop, hex_intersection,
          lemuel_flame_loot_1
D:4:      layout_cave_pools, minmay_temple_entry_fiery,
          hangedman_abyss_or_decor_slice, amcnicky_mini_corridor_feature,
          uniq_edmund, uniq_menkaure, uniq_pargi

Skill      XL: |  1  2  3  4 |
---------------+-------------+-----
Fighting       | 1 2 |  2.5
Ice Magic      | 5 |  5.2
Spellcasting   | 3 |  3.1
Dodging        | |  2.6
Stealth        | |  2.1

Action                     |  1- 3 |  4- 6 || total
---------------------------+-------+-------++-------
  Melee: Unarmed           |     6 |       ||     6
         Punch             |     2 |     1 ||     3
         Dagger            |    28 |    23 ||    51
   Cast: Freeze            |    27 |    32 ||    59
         Frozen Ramparts   |       |     2 ||     2
   Stab: Sleeping          |     7 |     2 ||     9
 Armour: Robe              |    12 |    13 ||    25
  Dodge: Dodged            |    34 |    54 ||    88
